 Dungeon Crawl Stone Soup version 0.29.1-13-g9f3cf754e1 (webtiles) character file.

Game seed: 17643433327110743940

203 Thatpatchoflichen the Trooper (level 5, -4/57 HPs)
             Began as an Ogre Monk on Feb 7, 2023.
             Slain by an ice beast (13 damage)
             ... on level 3 of the Dungeon.
             The game lasted 00:08:44 (3946 turns).

Thatpatchoflichen the Trooper (Ogre Monk)           Turns: 3946, Time: 00:08:45

Health: -4/57      AC:  4    Str: 17    XL:     5   Next: 81%
Magic:  5/5        EV: 10    Int: 11    God:
Gold:   158        SH:  0    Dex: 11    Spells: 4/4 levels left

rFire   . . .      SeeInvis .   x - +0 flail
rCold   . . .      Faith    .   e - orb {light}
rNeg    . . .      Spirit   .   b - +0 robe
rPois   .          Reflect  .   (helmet restricted)
rElec   .          Harm     .   h - +0 cloak
rCorr   .          Rampage  .   (gloves unavailable)
Will    .....                   (boots unavailable)
Stlth   +.........              (no amulet)
HPRegen 0.19/turn               (no ring)
MPRegen 0.09/turn               (no ring)

@: glowing
A: large, unfitting armour, tough skin 1
a: no special abilities


You were on level 3 of the Dungeon.
You visited 1 branch of the dungeon, and saw 4 of its levels.

You collected 158 gold pieces.

Inventory:

Hand Weapons
 x - a +0 flail (weapon)
Missiles
 a - 3 javelins
 o - 6 poisoned darts (quivered)
 s - 2 boomerangs
Armour
 b - a +0 robe (worn)
 e - an orb of light (worn)
 h - a +0 cloak (worn)
Jewellery
 v - a ring of wizardry
Wands
 u - a wand of iceblast (4)
Scrolls
 d - a scroll of identify {unknown}
 f - a scroll of magic mapping {unknown}
 i - a scroll of vulnerability {unknown}
 j - a scroll of brand weapon {unknown}
 k - 2 scrolls of teleportation {unknown}
 l - a scroll of acquirement {unknown}
 m - a scroll of enchant armour {unknown}
 t - a scroll of fog {unknown}
 w - a scroll of noise {unknown}
 y - a scroll of summoning {unknown}
Potions
 c - a potion of ambrosia
 g - a potion of curing
 n - a potion of heal wounds
 p - a potion of haste {unknown}
 q - 2 potions of mutation {unknown}
 r - a potion of resistance {unknown}


   Skills:
 + Level 5.3 Fighting
 * Level 4.5 Maces & Flails
 + Level 3.6 Dodging
 - Level 1.4 Stealth


You had 4 spell levels left.
You didn't know any spells.
Your spell library contained the following spells:

 Spells                   Type           Power      Damage    Failure   Level
 Freeze                   Ice            0%         1d3       34%         1
 Magic Dart               Conj           0%         1d3       34%         1
 Summon Small Mammal      Summ           0%         N/A       34%         1
 Call Imp                 Summ           0%         N/A       47%         2
 Call Canine Familiar     Summ           0%         N/A       71%         3
 Frozen Ramparts          Ice            0%         1d1       71%         3
 Mephitic Cloud           Conj/Pois/Air  0%         N/A       71%         3
 Summon Guardian Golem    Hex/Summ       0%         N/A       71%         3
 Hailstorm                Conj/Ice       0%         3d3       98%         4


Dungeon Overview and Level Annotations

Branches:
Dungeon (4/15)
 Temple: D:4-7

Altars:
The Shining One

Shops:
D:2 :


Innate Abilities, Weirdness & Mutations

You are too large for most types of armour.
You have tough skin. (AC +1)


Message History

The adder is severely wounded.
The adder bites you. x2
You hit the adder.
You kill the adder!
You see here an adder corpse.
An ice beast is nearby!
The ice beast attacks as you move away! The ice beast barely misses you.
The ice beast attacks as you move away! The ice beast barely misses you.
The ice beast attacks as you move away! The ice beast hits you.
The ice beast freezes you! The ice beast closely misses you.
You barely miss the ice beast. The ice beast closely misses you.
The ice beast hits you but does no damage.
You sock the ice beast!
The ice beast is moderately wounded.
The ice beast hits you. The ice beast freezes you!
You hit the ice beast but do no damage.
The ice beast is moderately wounded.
The ice beast hits you but does no damage.
You barely miss the ice beast.
The ice beast is moderately wounded.
The ice beast hits you but does no damage.
You barely miss the ice beast.
The ice beast is moderately wounded.
The ice beast hits you. The ice beast freezes you!
You hit the ice beast but do no damage.
The ice beast is moderately wounded.
The ice beast hits you. The ice beast freezes you!
* * * LOW HITPOINT WARNING * * *
The ice beast attacks as you move away! The ice beast closely misses you.
The ice beast attacks as you move away!
The ice beast hits you but does no damage.
The ice beast attacks as you move away! The ice beast closely misses you.
You see here a +0 robe.
The ice beast attacks as you move away! The ice beast barely misses you.
The ice beast attacks as you move away! The ice beast barely misses you.
The ice beast attacks as you move away! The ice beast hits you.
* * * LOW HITPOINT WARNING * * *
The ice beast freezes you!
You die...

.### #.##.#.#)#
...# ###.##.#.#†#
#.## ###...##.#.#.#
#..###...####.....#
##.#...###
###.######
###.†.#####
#.#....#
..........#
#.#.##.#
##.>..###.#
#.#.##.# ......#
#@#.##.# #.....#
#Y#.##.# ......#
#.#.##.# ##....#
#.#.##.# .##+###
#[#.##.# .#
#.#.##.# ##
#.#.##.# #.#.##†#
#.#.##.#


You could see an ice beast.

Vanquished Creatures
  A hound (D:3)
  Robin (D:2)
  6 adders
  2 worms (D:2)
  A dart slug (D:3)
  12 orcs
  3 ball pythons
  11 endoplasms
  A giant cockroach (D:2)
  17 goblins
  9 hobgoblins
  4 jackals (D:3)
  A quokka (D:1)
  3 bats
  A frilled lizard (D:1)
  3 kobolds
  3 rats (D:1)
79 creatures vanquished.

Vanquished Creatures (others)
  7 plants (D:3)
7 creatures vanquished.

Grand Total: 86 creatures vanquished

Notes
Turn   | Place    | Note
-------+----------+-------------------------------------------
     0 | D:1      | Thatpatchoflichen the Ogre Monk began the quest for the
                  | Orb.
     0 | D:1      | Reached XP level 1. HP: 24/24 MP: 1/1
   421 | D:1      | Reached XP level 2. HP: 32/32 MP: 2/2
  1034 | D:1      | Reached XP level 3. HP: 37/40 MP: 3/3
  1674 | D:2      | Noticed Robin
  1694 | D:2      | Reached XP level 4. HP: 44/49 MP: 4/4
  1845 | D:2      | Killed Robin
  2290 | D:2      | Found a glowing golden altar of the Shining One.
  2532 | D:2      | Found Jezaanox's Book Shoppe.
  3021 | D:3      | Noticed an ice beast
  3078 | D:3      | Reached skill level 5 in Fighting
  3078 | D:3      | Reached XP level 5. HP: 45/57 MP: 5/5
  3180 | D:3      | Found a faded altar of an unknown god.
  3316 | D:3      | You fall into a shaft and drop 1 floor!
  3946 | D:3      | Slain by an ice beast

Illustrated notes

Levels and vault maps discovered:
D:1:      kilobyte_arrival_exit_the_forest, layout_rooms, minmay_split_cup_small
D:2:      layout_basic, basic_altar, serial_shops, nicolae_lakefront_shop,
          uniq_robin
D:3:      layout_basic, mainiacjoe_overflow_boulevard,
          shapermc_ecumenical_altar_totnotflames
D:4:      kennysheep_spiral_hall, layout_basic, mainiacjoe_overflow_paths,
          mainiacjoe_overflow_big_doors, uniq_eustachio, uniq_duvessa,
          uniq_crazy_yiuf_cottage

Skill      XL: |  1  2  3  4 |
---------------+-------------+-----
Maces & Flails | 3 4 |  4.5
Dodging        | 3 |  3.6
Fighting       | 5 |  5.3
Stealth        | |  1.4

Action                   |  1- 3 |  4- 6 || total
-------------------------+-------+-------++-------
Melee: Mace              |    82 |   144 ||   226
       Flail             |       |    17 ||    17
Armor: Robe              |    32 |    58 ||    90
Dodge: Dodged            |    50 |    91 ||   141
